 Dungeon Crawl Stone Soup version 0.29.0-5-ge4962eb29e (webtiles) character file.

Game seed: 6808291830443982062

177 Strat the Cudgeller (level 5, -1/34 HPs)
             Began as a Gargoyle Fighter on Aug 28, 2022.
             Frozen to death by an endoplasm (4 damage)
             ... on level 4 of the Dungeon.
             The game lasted 00:03:56 (2985 turns).

Strat the Cudgeller (Gargoyle Fighter)              Turns: 2985, Time: 00:03:57

Health: -1/34      AC: 14    Str: 22    XL:     5   Next: 57%
Magic:  5/5        EV:  9    Int:  8    God:
Gold:   137        SH:  4    Dex:  9    Spells: 4/4 levels left

rFire   . . .      SeeInvis .   a - +0 flail
rCold   . . .      Faith    .   c - +0 buckler
rNeg    + . .      Spirit   .   b - +0 scale mail
rPois   ∞          Reflect  .   (no helmet)
rElec   +          Harm     .   (no cloak)
rCorr   .          Rampage  .   (no gloves)
Will    .....                   (no boots)
Stlth   ..........              (no amulet)
HPRegen 0.11/turn               f - +4 ring of protection
MPRegen 0.09/turn               i - ring of willpower

@: weak-willed
A: sickness immunity, AC +4, negative energy resistance 1, electricity
resistance, torment resistance 1, petrification resistance
a: no special abilities


You were on level 4 of the Dungeon.
You visited 1 branch of the dungeon, and saw 4 of its levels.

You collected 137 gold pieces.

Inventory:

Hand Weapons
 a - a +0 flail (weapon)
Armour
 b - a +0 scale mail (worn)
 c - a +0 buckler (worn)
Jewellery
 f - a +4 ring of protection (left hand)
 i - a ring of willpower (right hand)
Scrolls
 j - a scroll of amnesia
 o - a scroll of vulnerability
Potions
 d - 2 potions of might
 e - 3 potions of heal wounds
 g - a potion of flight
 h - a potion of curing {unknown}
 k - 2 potions of mutation {unknown}
 l - 2 potions of attraction {unknown}
 m - a potion of brilliance {unknown}
 n - a potion of haste {unknown}


   Skills:
 + Level 4.6 Fighting
 * Level 4.7 Maces & Flails
 - Level 3.2 Armour
 - Level 3.2 Shields


You had 4 spell levels left.
You didn't know any spells.
Your spell library contained the following spells:

 Spells                   Type           Power      Damage    Failure   Level
 Dazzling Flash           Conj/Hex       0%         N/A       99%         3
 Agony                    Necr           0%         N/A       100%        5
 Silence                  Hex/Air        0%         N/A       100%        5


Dungeon Overview and Level Annotations

Branches:
Dungeon (4/15)
 Temple: D:4-7

Altars:
Gozag
Okawaru
Yredelemnul


Innate Abilities, Weirdness & Mutations

You are immune to sickness and miasma.
Your stone body is resilient. (AC +4)
You are immune to poison.
You resist negative energy. (rN+)
You are resistant to electric shocks. (rElec)
You are resistant to unholy torment.
You are immune to petrification.


Message History

Found a scroll labelled CIEFE MAETZ.
The endoplasm attacks as you move away!
The endoplasm hits you but does no damage.
The gnoll attacks as you move away! The gnoll closely misses you.
The gnoll attacks as you move away! The gnoll hits you with a +0 flail.
The gnoll attacks as you move away! The gnoll hits you but does no damage.
The gnoll attacks as you move away! The gnoll hits you but does no damage.
The gnoll attacks as you move away! The gnoll hits you but does no damage.
The gnoll attacks as you move away! The gnoll hits you but does no damage.
You open the door. The gnoll closely misses you.
The endoplasm attacks as you move away! You block the endoplasm's attack.
There is an open door here.
The endoplasm attacks as you move away! The endoplasm misses you.
You open the door. The gnoll attacks as you move away!
The gnoll hits you with a +0 flail. The endoplasm attacks as you move away!
The endoplasm hits you but does no damage.
A kobold comes into view. It is wielding a +0 whip.
Found a stone staircase leading down.
There is an open door here.
The endoplasm attacks as you move away!
The endoplasm hits you but does no damage.
The kobold hits you but does no damage. The gnoll attacks as you move away!
The gnoll hits you with a +0 flail.
* * * LOW HITPOINT WARNING * * *
The kobold hits you but does no damage. The gnoll attacks as you move away!
The gnoll hits you with a +0 flail!
* * * LOW HITPOINT WARNING * * *
The kobold hits you with a +0 whip.
* * * LOW HITPOINT WARNING * * *
The endoplasm freezes you.
You are frozen.
* * * LOW HITPOINT WARNING * * *
There is a stone staircase leading down here.
The gnoll closely misses you. You block the kobold's attack.
The gnoll hits you with a +0 flail.
* * * LOW HITPOINT WARNING * * *
The endoplasm freezes you.
You are frozen.
You die...

..##..
###.###...#####
#.....
#####.###...#
..#
#.............
+...#
#...?..........
#.....#
#####..###..###
# .#...
########g.## .#
# .. ..
#....#.....# #
.. .
#..g.#.....# #
...
#..K@#.....# #
#..J.#...g.# #
###g#####'### #
#..g....g..#
#..........#
#..........#
#..........#
#####......#
#......#


You could see 3 gnolls, an endoplasm and a kobold.

Vanquished Creatures
  A centaur (D:3)
  3 adders
  A worm (D:3)
  2 dart slugs
  6 bats
  5 endoplasms
  3 giant cockroaches
  6 goblins
  5 hobgoblins
  8 jackals
  2 kobolds
  6 quokkas
  4 ball pythons
  2 frilled lizards
  3 rats
57 creatures vanquished.

Vanquished Creatures (others)
  10 plants (D:3)
10 creatures vanquished.

Grand Total: 67 creatures vanquished

Notes
Turn   | Place    | Note
-------+----------+-------------------------------------------
     0 | D:1      | Strat the Gargoyle Fighter began the quest for the Orb.
     0 | D:1      | Reached XP level 1. HP: 14/14 MP: 1/1
   185 | D:1      | Reached XP level 2. HP: 15/19 MP: 2/2
   573 | D:1      | Found a faded altar of an unknown god.
   787 | D:2      | Reached XP level 3. HP: 24/24 MP: 3/3
  1507 | D:3      | Noticed a centaur
  1577 | D:3      | Found a basalt altar of Yredelemnul.
  1754 | D:3      | Reached XP level 4. HP: 28/29 MP: 4/4
  1945 | D:3      | HP: 1/29 [centaur (4)]
  1946 | D:3      | Killed a centaur
  1947 | D:3      | Reached XP level 5. HP: 1/34 MP: 5/5
  2503 | D:3      | Found an opulent altar of Gozag.
  2663 | D:3      | Found an iron altar of Okawaru.
  2922 | D:4      | Noticed a steam dragon
  2985 | D:4      | Frozen to death by an endoplasm

Illustrated notes

Levels and vault maps discovered:
D:1:      dpeg_arrival_round_b, layout_rooms,
          shapermc_ecumenical_altar_mp_vishouse
D:2:      layout_loops_ring
D:3:      minmay_diamond_boxcup, layout_loops_ring, marbit_many_paths,
          mainiacjoe_overflow_alcove_1, yredelemnul_altar_generic, fountainhead,
          kennysheep_minor_cross, chequers_big_river
D:4:      layout_gridville, minmay_temple_entry_slanted

Skill      XL: |  1  2  3  4 |
---------------+-------------+-----
Maces & Flails | 3 4 |  4.7
Fighting       | 4 |  4.6
Armour         | |  3.2
Shields        | |  3.2

Action                   |  1- 3 |  4- 6 || total
-------------------------+-------+-------++-------
Melee: Flail             |   144 |    57 ||   201
  Use: Scroll            |       |     5 ||     5
Armor: Scale mail        |   123 |    47 ||   170
Dodge: Dodged            |    82 |    38 ||   120
Block: Buckler           |    43 |    13 ||    56
